 Dungeon Crawl Stone Soup version 0.30-a0-459-g9104f0fc43 (webtiles) character file.

Game seed: 3983235525035997659

34790 HoaS the Markstengu (level 13, -9/88 HPs)
             Began as a Tengu Hunter on Dec 15, 2022.
             Was a High Priest of Makhleb.
             Mangled by Stoves66's ghost (21 damage)
             ... on level 7 of the Dungeon.
             The game lasted 00:25:52 (12155 turns).

HoaS the Markstengu (Tengu Hunter)                 Turns: 12155, Time: 00:25:53

Health: -9/88      AC: 10    Str: 13    XL:     13   Next: 79%
Magic:  0/14       EV: 32    Int: 10    God:    Makhleb [*****.]
Gold:   650        SH:  0    Dex: 27    Spells: 12/12 levels left

rFire   . . .      SeeInvis .    a - +2 shortbow (flame)
rCold   . . .      Faith    .    (shield currently unavailable)
rNeg    . . .      Spirit   +    z - +0 troll leather armour
rPois   .          Reflect  .    (helmet restricted)
rElec   .          Harm     .    f - +2 cloak
rCorr   .          Rampage  .    k - +2 pair of gloves
Will    .....                    (boots unavailable)
Stlth   ++........               p - amulet of guardian spirit
HPRegen 1.14/turn                j - +6 ring of dexterity
MPRegen 0.14/turn                m - +2 ring of evasion

@: about to teleport, flying quickly and evasively, quick
A: beak, talons 3, nimble flight
a: Renounce Religion, Minor Destruction, Lesser Servant of Makhleb, Major
Destruction, Greater Servant of Makhleb


You were on level 7 of the Dungeon.
You worshipped Makhleb.
Makhleb was extremely pleased with you.
You visited 3 branches of the dungeon, and saw 14 of its levels.
You also visited: Bailey.

You collected 795 gold pieces.
You spent 145 gold pieces at shops.

Inventory:

Hand Weapons
 a - a +2 shortbow of flaming (weapon)
Missiles
 g - 2 throwing nets
Armour
 f - a +2 cloak (worn)
 k - a +2 pair of gloves (worn)
 z - a +0 troll leather armour (worn)
Jewellery
 j - a +6 ring of dexterity (left hand)
 m - a +2 ring of evasion (right hand)
 p - an amulet of guardian spirit (around neck)
 B - a ring of see invisible
Wands
 y - a wand of mindburst (15)
 A - a wand of roots (10)
 C - a wand of charming (5)
Scrolls
 b - 2 scrolls of immolation
 c - a scroll of fog
 i - 2 scrolls of blinking
 o - a scroll of fear
 s - 3 scrolls of teleportation
 E - a scroll of enchant armour
Potions
 d - a potion of heal wounds
 e - 5 potions of curing
 h - 10 potions of mutation
 l - a potion of lignification {unknown}
 n - a potion of berserk rage
 q - 7 potions of haste
 r - a potion of invisibility
 t - 3 potions of resistance {unknown}
 u - 4 potions of cancellation
 v - 2 potions of might {unknown}
 w - a potion of magic {unknown}
 x - a potion of experience {unknown}
 D - a potion of attraction {unknown}


   Skills:
 + Level 13.3 Fighting
 - Level 16.0 Ranged Weapons
 + Level 14.4 Dodging
 - Level 1.0 Stealth


You had 12 spell levels left.
You didn't know any spells.
Your spell library contained the following spells:

 Spells                   Type           Power      Damage    Failure   Level
 Kiss of Death            Conj/Necr      0%         2d5       43%         1
 Necrotise                Necr           0%         1d4       43%         1
 Sandblast                Erth           0%         2d4       43%         1
 Cigotuvi's Dreadful Rot  Necr/Pois/Air  0%         N/A       58%         2
 Passwall                 Tmut/Erth      0%         N/A       58%         2
 Poisonous Vapours        Pois/Air       0%         N/A       58%         2
 Confusing Touch          Hex            0%         N/A       82%         3
 Mephitic Cloud           Conj/Pois/Air  0%         N/A       82%         3
 Stone Arrow              Conj/Erth      0%         3d7       82%         3
 Vampiric Draining        Necr           0%         2d6       82%         3
 Dispel Undead            Necr           0%         3d6       99%         4
 Petrify                  Tmut/Erth      0%         N/A       99%         4
 Agony                    Necr           0%         N/A       100%        5
 Metabolic Englaciation   Hex/Ice        0%         N/A       100%        5
 Statue Form              Tmut/Erth      0%         N/A       100%        6


Dungeon Overview and Level Annotations

Branches:
Dungeon (9/15)             Temple (1/1) D:7            Lair (4/5) D:9
 Shoals (0/4) Lair:2        Snake (0/4) Lair:2        Slime (0/5) Lair:4
 Bailey (visited)
    Orc: D:9-12

Altars:
Ashenzari
Cheibriados
Dithmenos
Elyvilon
Fedhas
Gozag
Hepliaklqana
Kikubaaqudgha
Makhleb
Nemelex Xobeh
Okawaru
Qazlal
Ru
Sif Muna
Trog
Uskayaw
Vehumet
Wu Jian
Xom
Yredelemnul
Zin
The Shining One
Jiyva

Shops:
D:3 =   D:5 *

Annotations:
D:7 1 transporter, Stoves66's ghost, novice FoFi
Lair:4 Rupert


Innate Abilities, Weirdness & Mutations

You have a beak for a mouth.
You have claws for feet.
Your magical nature lets you fly swiftly and evasively.


Message History

The moth of wrath completely misses you.
The orc warrior barely misses you.
You shoot an arrow. The arrow hits the moth of wrath.
The arrow burns the moth of wrath.
The moth of wrath is lightly wounded.
The gnoll sergeant hits you but does no damage.
Stoves66's ghost completely misses you. The moth of wrath closely misses you.
The orc warrior closely misses you.
You shoot an arrow.
The arrow barely misses the moth of wrath.
The moth of wrath goads the two-headed ogre on!
The two-headed ogre goes berserk!
The orc warrior closely misses you.
Stoves66's ghost hits you but does no damage.
The two-headed ogre completely misses you.
The two-headed ogre hits you with a +1 vorpal great mace!
The gnoll sergeant hits you but does no damage.
You are too injured to fight recklessly!
You are too injured to fight recklessly!
You shoot an arrow. The arrow hits the moth of wrath!
The arrow burns the moth of wrath.
The moth of wrath is heavily wounded.
The orc warrior misses you. The moth of wrath closely misses you.
You shoot an arrow.
The arrow barely misses the moth of wrath.
The two-headed ogre completely misses you. x2
Stoves66's ghost hits you! The gnoll sergeant misses you.
The orc warrior barely misses you.
You shoot an arrow. The arrow hits the moth of wrath.
The arrow burns the moth of wrath.
The moth of wrath is heavily wounded.
The moth of wrath bites you!
* * * LOW HITPOINT WARNING * * *
The orc warrior closely misses you. Stoves66's ghost hits you.
* * * LOW HITPOINT WARNING * * *
The two-headed ogre closely misses you. x2
The gnoll sergeant closely misses you.
As you read the scroll of teleportation, it crumbles to dust.
You feel strangely unstable. The moth of wrath barely misses you.
The orc warrior misses you. Stoves66's ghost hits you!!
You die...

#.# ##...........##.#. #.#
##................. #.#
#....#####....#.... #.#
##..###...###..##### #.#
#..##......###..# # #.#
##..##.#..### #..# # #.#
#..##.###.#§####.## #.#
#..#yO#≈..?##..#..## #.#
#.©#@W.#g_)....#©..## #.#
#..#)o....?#...#..... #.#
#..##.g..#≈#..##.#### #.#
##..#....###..#..# #.#
#..##....#.###[.# #.#
##..###.©.###..## #.#
#....#####.)).#####
#.#######.......)...###...
#.................### #...


You could see a two-headed ogre (berserk), a moth of wrath, an orc warrior
(berserk), a gnoll sergeant and Stoves66's ghost.

Vanquished Creatures
  2 hydras (Lair:2)
  A boulder beetle (Lair:3)
  8 death yaks
  An orc knight (Bailey)
  The ghost of heinrich the Poker, a novice DsGl (D:6)
  4 black mambas
  9 cane toads
  A torpor snail (Lair:1)
  A rime drake (Lair:2)
  10 komodo dragons
  4 merfolk (Lair:2)
  2 trolls (D:9)
  A polar bear (Lair:3)
  28 blink frogs
  A shadow (D:9)
  A wyvern (D:9)
  6 basilisks
  47 yaks
  21 water moccasins
  5 black bears
  9 wolves
  3 ogres
  2 centaurs (D:9)
  2 phantoms
  3 kobold brigands
  2 gnoll sergeants
  2 necrophages (D:4)
  8 bullfrogs
  2 scorpions
  A howler monkey (D:8)
  2 electric eels
  5 hounds
  2 jellies
  5 orc priests
  An iguana (D:5)
  9 orc wizards
  20 gnolls
  8 adders
  A shadow imp (D:7)
  2 white imps
  3 ufetubi (D:5)
  4 worms
  A dart slug (D:4)
  63 orcs
  6 bats
  9 endoplasms
  4 giant cockroaches (D:1)
  8 goblins
  10 hobgoblins
  4 jackals (D:2)
  8 quokkas
  13 ball pythons
  5 frilled lizards
  24 kobolds
  6 rats
411 creatures vanquished.

Vanquished Creatures (others)
  17 fungi
  25 plants
42 creatures vanquished.

Grand Total: 453 creatures vanquished

Notes
Turn   | Place    | Note
-------+----------+-------------------------------------------
     0 | D:1      | HoaS the Tengu Hunter began the quest for the Orb.
     0 | D:1      | Reached XP level 1. HP: 12/12 MP: 2/2
    68 | D:1      | Reached XP level 2. HP: 17/17 MP: 3/3
    80 | D:1      | Reached skill level 5 in Ranged Weapons
   259 | D:1      | Reached XP level 3. HP: 21/21 MP: 4/4
   267 | D:1      | Found a faded altar of an unknown god.
   600 | D:2      | Reached skill level 6 in Ranged Weapons
   634 | D:2      | Reached XP level 4. HP: 26/26 MP: 5/5
  1063 | D:2      | Gained mutation: Your magical nature lets you fly swiftly
                  | and evasively. [Tengu growth]
  1063 | D:2      | Reached XP level 5. HP: 30/30 MP: 6/6
  1402 | D:3      | Found Baschung's One-of-a-Kind Rings.
  1405 | D:3      | Reached skill level 7 in Ranged Weapons
  1415 | D:3      | Bought a +2 ring of evasion for 100 gold pieces
  2387 | D:4      | Noticed an ogre
  2409 | D:4      | Reached XP level 6. HP: 23/35 MP: 7/7
  2489 | D:4      | Reached skill level 8 in Ranged Weapons
  2920 | D:4      | Reached skill level 9 in Ranged Weapons
  2920 | D:4      | Reached XP level 7. HP: 33/40 MP: 8/8
  3168 | D:5      | Entered Level 5 of the Dungeon
  3202 | D:5      | Found a broken altar of Ashenzari.
  3342 | D:5      | Reached skill level 10 in Ranged Weapons
  3444 | D:4      | Reached XP level 8. HP: 34/44 MP: 6/9
  3693 | D:5      | Reached skill level 11 in Ranged Weapons
  3964 | D:5      | Found Kutip's General Store.
  3974 | D:5      | Bought a scroll of teleportation for 45 gold pieces
  4249 | D:6      | Found a runed translucent door.
  4249 | D:6      | Noticed heinrich's ghost (novice DsGl)
  4482 | D:6      | Reached skill level 12 in Ranged Weapons
  4766 | D:6      | Reached XP level 9. HP: 46/48 MP: 10/10
  4783 | D:6      | Reached skill level 13 in Ranged Weapons
  4807 | D:6      | Identified the +0 falchion of Compassion {holy, rPois
                  | Dex+2}
  5168 | D:7      | Found a staircase to the Ecumenical Temple.
  5177 | Temple   | Entered the Ecumenical Temple
  5315 | Temple   | Became a worshipper of Makhleb the Destroyer
  5453 | D:7      | Noticed a two-headed ogre
  5455 | D:7      | Found a transporter.
  5460 | D:7      | Noticed a moth of wrath
  5461 | D:7      | Found a bloodstained altar of Trog.
  5461 | D:7      | Noticed Stoves66's ghost (novice FoFi)
  5462 | D:7      | Found a transporter.
  5477 | D:7      | Found a flagged portal.
  5675 | D:7      | Reached skill level 14 in Ranged Weapons
  5814 | Bailey   | Entered a bailey
  5888 | Bailey   | Reached * piety under Makhleb
  5968 | Bailey   | Noticed an orc knight
  5988 | Bailey   | Killed an orc knight
  5989 | Bailey   | Reached skill level 15 in Ranged Weapons
  6338 | D:7      | Reached XP level 10. HP: 53/53 MP: 11/11
  6463 | D:7      | Found a glowing golden altar of the Shining One.
  6469 | D:7      | Found a white marble altar of Elyvilon.
  6643 | D:8      | Identified the +6 short sword of Hethruhung {drain,
                  | *Corrode rC+ Int+3 Stlth+}
  6876 | D:8      | Reached ** piety under Makhleb
  7063 | D:8      | Identified the +1 leather armour of Hide-and-Seek {rN+++
                  | Regen+ Dex-3 SInv}
  7172 | D:8      | Found a stormy altar of Qazlal.
  7247 | D:8      | Found an iron altar of Okawaru.
  7634 | D:9      | Reached skill level 16 in Ranged Weapons
  7646 | D:9      | Found a staircase to the Lair.
  7796 | D:9      | Reached skill level 5 in Dodging
  7836 | D:9      | Reached skill level 5 in Fighting
  8188 | Lair:1   | Entered Level 1 of the Lair of Beasts
  8202 | Lair:1   | Reached XP level 11. HP: 64/64 MP: 12/12
  8393 | Lair:1   | Reached *** piety under Makhleb
  8803 | Lair:1   | Noticed a death yak
  8853 | Lair:1   | Killed a death yak
  9440 | Lair:2   | Noticed an eight-headed hydra
  9441 | Lair:2   | Noticed a seven-headed hydra
  9450 | Lair:2   | Killed an eight-headed hydra
  9451 | Lair:2   | Reached skill level 10 in Dodging
  9451 | Lair:2   | Reached XP level 12. HP: 76/76 MP: 13/13
  9539 | Lair:2   | Killed a seven-headed hydra
  9558 | Lair:2   | Found a staircase to the Snake Pit.
  9586 | Lair:2   | Noticed a death yak
  9612 | Lair:2   | Reached skill level 10 in Fighting
  9623 | Lair:2   | Noticed a death yak
  9623 | Lair:2   | Noticed a death yak
  9624 | Lair:2   | Noticed a death yak
  9639 | Lair:2   | Killed a death yak
  9655 | Lair:2   | Killed a death yak
  9655 | Lair:2   | Reached **** piety under Makhleb
  9680 | Lair:2   | Killed a death yak
  9693 | Lair:2   | Killed a death yak
  9784 | Lair:2   | Found a staircase to the Shoals.
 10033 | Lair:2   | Reached XP level 13. HP: 73/84 MP: 8/14
 10703 | Lair:3   | Reached ***** piety under Makhleb
 11631 | Lair:4   | Found a viscous altar of Jiyva.
 11634 | Lair:4   | Found a staircase to the Slime Pits.
 11898 | Lair:4   | Noticed Rupert
 12090 | D:6      | Killed heinrich's ghost
 12155 | D:7      | Mangled by Stoves66's ghost

Illustrated notes

Levels and vault maps discovered:
D:1:      tarquinn_simple_flora_water_e, layout_rooms,
          hellmonk_ecumenical_altar_defaced_shrine, dk_noncrumbling_4,
          minmay_tromino_i4
D:2:      minmay_recursive_quarters, layout_loops_ring, feat_on_display
D:3:      layout_basic, nicolae_shop_unique_rings
D:4:      layout_rooms
D:5:      layout_basic, mainiacjoe_overflow_tiny_flanked, serial_shops,
          nicolae_shop_stone
D:6:      layout_gridville, gammafunk_ghost_grave
D:7:      layout_basic, minitemple, minmay_temple_entry_slanted, enter_bailey_5,
          gammafunk_ghost_wrathful_warriors
D:8:      layout_cave_pods, mainiacjoe_overflow_big_doors
D:9:      layout_roguey, erik_lair_island
Temple:   minmay_crystal_spiral_temple
Lair:1:   layout_chaotic_city, amcnicky_mini_pool_medium, lemuel_fruit_tree
Lair:2:   layout_big_grid, elwin_shoals_entry_stream,
          minmay_snake_entry_six_corridors, chequers_serial_rivers_micro_c
Lair:3:   layout_small_grid, grunt_megastairs_1
Lair:4:   layout_hall_layers, nicolae_slime_entry_slimehenge, uniq_rupert

Skill      XL: |  1  2  3  4  5  6  7  8  9 10 11 12 13 |
---------------+----------------------------------------+-----
Ranged Weapons | 5 6 7 9 10 12 15 16 | 16.0
Dodging        | 6 10 12 14 | 14.4
Fighting       | 6 9 11 13 | 13.3
Stealth        | |  1.0

Action                   |  1- 3 |  4- 6 |  7- 9 | 10-12 | 13-15 || total
-------------------------+-------+-------+-------+-------+-------++-------
 Fire: Shortbow          |    96 |   182 |   378 |   704 |   402 ||  1762
  Use: Scroll            |     3 |     8 |     8 |     5 |     3 ||    27
       Potion            |       |       |     3 |     3 |       ||     6
Armor: Leather armour    |    14 |    12 |    37 |    14 |       ||    77
       Troll leather arm |       |       |       |    10 |    19 ||    29
Dodge: Dodged            |    25 |    47 |   160 |   247 |   225 ||   704

Table legend: (Time is in decaauts)
 A = Elapsed time spent in this place.
 B = Non-inter-level travel time spent in this place.
 C = Inter-level travel time spent in this place.
 D = Time resting spent in this place.
 E = Time spent auto-exploring this place.
 F = Levels seen in this place.
 G = Mean time per level.
                   A        B        C        D        E       F      G
               +--------+--------+--------+--------+--------+-----+--------+
         Total |  11137 |  10245 |    892 |   1670 |   6204 |  15 |  742.5 |
       Dungeon |   7241 |   6638 |    603 |   1065 |   4237 |   9 |  804.6 |
        Temple |    193 |    116 |     77 |      0 |    100 |   1 |  193.0 |
          Lair |   3308 |   3097 |    211 |    476 |   1713 |   4 |  827.0 |
        Bailey |    393 |    393 |      0 |    127 |    153 |   1 |  393.0 |
               +--------+--------+--------+--------+--------+-----+--------+

Top non-repeatable levels by time:
     D:6: 1216 daAuts
  Lair:1: 1114 daAuts
  Lair:2: 1057 daAuts
  Lair:3: 1027 daAuts
     D:3: 1024 daAuts
     D:4: 979 daAuts
     D:2: 844 daAuts
     D:8: 807 daAuts
     D:5: 671 daAuts
     D:7: 615 daAuts
     D:9: 553 daAuts
     D:1: 528 daAuts
  Bailey: 393 daAuts
  Temple: 193 daAuts
  Lair:4: 109 daAuts
